 Dungeon Crawl Stone Soup version 0.30-a0-726-gd89dcf765f (webtiles) character file.

Game seed: 14104753114166780419

98 scionoferis the Shooter (level 4, 0/34 HPs)
             Began as a Demigod Hexslinger on Jan 29, 2023.
             Slain by Natasha (4 damage)
             ... on level 3 of the Dungeon.
             The game lasted 00:02:51 (1205 turns).

scionoferis the Shooter (Demigod Hexslinger)        Turns: 1205, Time: 00:02:52

Health: 0/34       AC:  2    Str: 10 (11) XL:     4   Next: 20%
Magic:  8/8        EV: 17    Int: 12 (15) God:
Gold:   129        SH:  0    Dex: 15 (18) Spells: 4/5 levels left

rFire   . . .      SeeInvis .    a - +1 sling
rCold   . . .      Faith    .    (no shield)
rNeg    . . .      Spirit   .    c - +0 robe
rPois   .          Reflect  .    (no helmet)
rElec   .          Harm     .    (no cloak)
rCorr   .          Rampage  .    (no gloves)
Will    .....                    (no boots)
Stlth   ++                       (no amulet)
HPRegen 0.25/turn                j - +5 ring of evasion
MPRegen 0.11/turn                (no ring)

@: slowed, very slow
A: high MP 1, forlorn, divine attributes
a: no special abilities


You were on level 3 of the Dungeon.
You visited 1 branch of the dungeon, and saw 3 of its levels.

You collected 129 gold pieces.


Innate Abilities, Weirdness & Mutations

You have an increased reservoir of magic. (+10% MP)
You shall have no god before yourself.
Your divine heritage dramatically boosts your attributes as you level up.


   Skills:
 - Level 0.8 Fighting
 * Level 3.3 Ranged Weapons
 + Level 2.5 Dodging
 + Level 1.8 Stealth
 - Level 1.0 Spellcasting
 - Level 2.6 Hexes


You had 4 spell levels left.
You knew the following spells:

 Your Spells              Type           Power      Damage    Failure   Level
a - Slow                  Hex            28%        N/A       10%         1

Your spell library contained the following spells:

 Spells                   Type           Power      Damage    Failure   Level
 Inner Flame              Hex/Fire       3%         N/A       45%         3
 Portal Projectile        Hex/Tloc       6%         N/A       45%         3
 Cause Fear               Hex            3%         N/A       69%         4

Inventory:

Hand Weapons
 a - a +1 sling (weapon)
Armour
 c - a +0 robe (worn)
Jewellery
 j - a +5 ring of evasion (left hand)
   (You found it on level 1 of the Dungeon)
Wands
 q - a wand of charming (6)
   (You found it on level 2 of the Dungeon)
Scrolls
 b - 2 scrolls of poison
 d - a scroll of fear {unknown}
 e - a scroll of fog {unknown}
 f - a scroll of vulnerability {unknown}
 g - a scroll of enchant weapon {unknown}
 h - 2 scrolls of immolation {unknown}
 i - a scroll of brand weapon {unknown}
 n - a scroll of identify {unknown}
 o - a scroll of butterflies {unknown}
 s - a scroll of noise {unknown}
Potions
 l - a potion of ambrosia {unknown}
 m - a potion of resistance {unknown}
 p - a potion of haste {unknown}
 r - a potion of curing {unknown}

Dungeon Overview and Level Annotations

Branches:
Dungeon (3/15)

Annotations:
D:2 dig vault
D:3 Natasha

..........+ #.#..
......?...# #.#.#+#+
..........+#.#.#.#.#
..........#.#.#.#.#
...........#.#.#.#
.........†#.#.#..
#####......#.#.#
#..#.##{#.#
#..#.#@#.#
....#.##.#.......
.....#.#.<+......#
......#.##.#.......
.... #.#.#.#.#+#.#
#..# #.#. . ## ..#.
#.# #>


There were no monsters in sight!


Message History

Welcome, scionoferis the Demigod Hexslinger.
You feel drawn to the Orb of Zot, downwards into the unfathomable depths...
Press ? for a list of commands and other information.
Found 7 stones.
Found an escape hatch in the floor.
Found a staircase leading out of the dungeon.
Found 8 stones.
A dart slug comes into view.
You shoot a sling bullet. The sling bullet hits the dart slug.
The dart slug is moderately wounded.
You shoot a sling bullet. The sling bullet hits the dart slug.
The dart slug is severely wounded.
You shoot a sling bullet. The sling bullet hits the dart slug.
The dart slug is almost dead.
The dart slug launches a dart at you. The slug dart misses you.
You shoot a sling bullet. The sling bullet hits the dart slug.
You kill the dart slug!
No target in view!
No target in view!
No target in view!
A giant cockroach and a jackal come into view.
Found 5 gold pieces.
You shoot a sling bullet.
The sling bullet hits the giant cockroach.
The giant cockroach is heavily wounded.
The jackal barks!
You hear a bark!
A jackal comes into view. x3
You shoot a sling bullet.
The sling bullet barely misses the giant cockroach.
The jackal barks! x3
A jackal comes into view.
You shoot a sling bullet.
The sling bullet barely misses the giant cockroach.
A jackal comes into view.
The giant cockroach bites you but does no damage.
The giant cockroach bites you.
You shoot a sling bullet.
The sling bullet hits the giant cockroach.
You kill the giant cockroach!
You hear a bark!
Your Ranged Weapons skill increases to level 2!
You shoot a sling bullet.
The sling bullet barely misses the jackal. x2
The sling bullet hits the jackal.
The jackal is severely wounded.
The jackal misses you. The jackal closely misses you.
You shoot a sling bullet.
The sling bullet barely misses the jackal.
The sling bullet hits the jackal.
The jackal is moderately wounded.
The jackal bites you. x2
You shoot a sling bullet. The sling bullet hits the jackal.
The jackal is severely wounded.
The jackal bites you. The jackal closely misses you.
You shoot a sling bullet.
The sling bullet closely misses the jackal. x3
The jackal barely misses you. The jackal closely misses you.
You shoot a sling bullet. The sling bullet hits the jackal.
The jackal is almost dead.
The jackal bites you.
A rat comes into view.
You shoot a sling bullet. The sling bullet misses the jackal.
The sling bullet closely misses the jackal.
The sling bullet hits the jackal but does no damage.
The jackal bites you.
The jackal bites you but does no damage.
You are too injured to fight recklessly!
You are too injured to fight recklessly!
You are too injured to fight recklessly!
You are too injured to fight recklessly!
Aiming: Slow (safe; 9% risk of failure)
Press: ? - help, Q - select action, (/) - cycle Shift-Dir - straight line, f/p - jackal
Aim: a jackal (almost dead, chance to affect: 59%)
The jackal seems to slow down.
The jackal bites you.
Aiming: Slow (safe; 9% risk of failure)
Press: ? - help, Q - select action, (/) - cycle Shift-Dir - straight line, f/p - jackal
Aim: a jackal (almost dead, slow, chance to affect: 59%)
The jackal seems to slow down.
The jackal misses you.
Aiming: Slow (safe; 9% risk of failure)
Press: ? - help, Q - select action, (/) - cycle Shift-Dir - straight line, f/p - jackal
Aim: a jackal (almost dead, slow, chance to affect: 59%)
The jackal resists with significant effort.
The jackal bites you but does no damage.
Aiming: Slow (safe; 9% risk of failure)
Press: ? - help, Q - select action, (/) - cycle Shift-Dir - straight line, f/p - jackal
Aim: a jackal (almost dead, slow, chance to affect: 59%)
You miscast Slow.
You are very lightly contaminated with residual magic.
Nothing appears to happen.
The jackal bites you.
You don't have enough magic to cast this spell.
Fire: a) +1 sling
Press: ? - help, Q - select action, (/) - cycle Shift-Dir - straight line, f/p - jackal
Aim: a jackal (almost dead, slow, 50% to hit)
You shoot a sling bullet.
The sling bullet barely misses the jackal.
The sling bullet hits the jackal.
You kill the jackal!
The jackal bites you.
The jackal bites you but does no damage.
Fire: a) +1 sling
Press: ? - help, Q - select action, (/) - cycle Shift-Dir - straight line, f/p - jackal
Aim: a jackal (almost dead, slow, 50% to hit)
You shoot a sling bullet. The sling bullet hits the jackal!
You kill the jackal!
The jackal barely misses you.
Fire: a) +1 sling
Press: ? - help, Q - select action, (/) - cycle Shift-Dir - straight line, f - jackal
Aim: a jackal (heavily wounded, 50% to hit)
You shoot a sling bullet.
The sling bullet completely misses the jackal.
The sling bullet hits the jackal.
The jackal is moderately wounded.
The jackal closely misses you. The jackal misses you.
Fire: a) +1 sling
Press: ? - help, Q - select action, (/) - cycle Shift-Dir - straight line, f/p - jackal
Aim: a jackal (heavily wounded, 50% to hit)
You shoot a sling bullet.
The sling bullet hits the jackal but does no damage.
The jackal is heavily wounded.
The jackal bites you.
Fire: a) +1 sling
Press: ? - help, Q - select action, (/) - cycle Shift-Dir - straight line, f/p - jackal
Aim: a jackal (heavily wounded, 50% to hit)
You shoot a sling bullet.
The sling bullet closely misses the jackal.
The sling bullet closely misses the jackal.
The sling bullet hits the rat.
You kill the rat!
The jackal closely misses you.
The jackal bites you but does no damage.
Your magical contamination has completely faded away.
Your Dodging skill increases to level 2!
Fire: a) +1 sling
Press: ? - help, Q - select action, (/) - cycle Shift-Dir - straight line, f/p - jackal
Aim: a jackal (heavily wounded, 50% to hit)
You shoot a sling bullet. The sling bullet hits the jackal.
You kill the jackal!
The jackal closely misses you.
Fire: a) +1 sling
Press: ? - help, Q - select action, (/) - cycle Shift-Dir - straight line, f - jackal
Aim: a jackal (moderately wounded, 50% to hit)
You shoot a sling bullet. The sling bullet hits the jackal.
You kill the jackal!
The jackal barely misses you.
You have reached level 2!
Fire: a) +1 sling
Press: ? - help, Q - select action, (/) - cycle Shift-Dir - straight line, f - jackal
Aim: a jackal (50% to hit)
You shoot a sling bullet. The sling bullet hits the jackal.
The jackal is lightly wounded.
The jackal closely misses you.
The jackal bites you but does no damage.
Fire: a) +1 sling
Press: ? - help, Q - select action, (/) - cycle Shift-Dir - straight line, f/p - jackal
Aim: a jackal (lightly wounded, 50% to hit)
You shoot a sling bullet.
The sling bullet closely misses the jackal.
The sling bullet barely misses the jackal.
The jackal bites you.
Fire: a) +1 sling
Press: ? - help, Q - select action, (/) - cycle Shift-Dir - straight line, f/p - jackal
Aim: a jackal (lightly wounded, 50% to hit)
You shoot a sling bullet. The sling bullet hits the jackal.
The jackal is severely wounded.
The jackal bites you. x2
Fire: a) +1 sling
Press: ? - help, Q - select action, (/) - cycle Shift-Dir - straight line, f/p - jackal
Aim: a jackal (severely wounded, 50% to hit)
You shoot a sling bullet.
The sling bullet closely misses the jackal.
The sling bullet barely misses the jackal.
The jackal bites you. The jackal misses you.
Fire: a) +1 sling
Press: ? - help, Q - select action, (/) - cycle Shift-Dir - straight line, f/p - jackal
Aim: a jackal (severely wounded, 50% to hit)
You shoot a sling bullet.
The sling bullet hits the jackal but does no damage.
The jackal is severely wounded.
The jackal closely misses you. x2
Fire: a) +1 sling
Press: ? - help, Q - select action, (/) - cycle Shift-Dir - straight line, f/p - jackal
Aim: a jackal (severely wounded, 50% to hit)
You shoot a sling bullet.
The sling bullet hits the jackal but does no damage.
The jackal is severely wounded.
The jackal bites you but does no damage.
The jackal bites you.
* * * LOW HITPOINT WARNING * * *
Fire: a) +1 sling
Press: ? - help, Q - select action, (/) - cycle Shift-Dir - straight line, f/p - jackal
Aim: a jackal (severely wounded, 50% to hit)
You shoot a sling bullet. The sling bullet hits the jackal.
You kill the jackal!
Fire: a) +1 sling
Press: ? - help, Q - select action, (/) - cycle Shift-Dir - straight line, f - jackal
Aim: a jackal (50% to hit)
You shoot a sling bullet.
The sling bullet barely misses the jackal.
The jackal barely misses you. The jackal bites you.
* * * LOW HITPOINT WARNING * * *
Fire: a) +1 sling
Press: ? - help, Q - select action, (/) - cycle Shift-Dir - straight line, f/p - jackal
Aim: a jackal (50% to hit)
You shoot a sling bullet. The sling bullet hits the jackal.
You kill the jackal!
Fire: a) +1 sling
Press: ? - help, Q - select action, (/) - cycle Shift-Dir - straight line, f - you
Okay, then.
Unknown command.
You start resting.
Magic restored.
You start resting.
HP restored.
Things that are here:
a jackal corpse; a jackal corpse You now have 11 gold pieces.
You now have 16 gold pieces (gained 5).
d - a scroll labelled PITTUL WATUGG;
e - a scroll labelled LITWOD MUOFEMP
f - a scroll labelled JASIPO POETZ
Found ice dragon scales.
A frilled lizard comes into view.
The frilled lizard hisses angrily.
You shoot a sling bullet.
The sling bullet hits the frilled lizard.
The frilled lizard is moderately wounded.
You shoot a sling bullet.
The sling bullet hits the frilled lizard.
You kill the frilled lizard!
No target in view!
No target in view!
Found a leather armour.
Found a stone staircase leading down.
A goblin comes into view. It is wielding a +0 club.
You see here a scroll labelled GIEGOO HEVVA.
You shoot a sling bullet. The sling bullet hits the goblin!
You kill the goblin!
A quokka comes into view.
You shoot a sling bullet.
The sling bullet closely misses the quokka.
The quokka misses you.
You shoot a sling bullet. The sling bullet hits the quokka.
The quokka is severely wounded.
The quokka bites you.
You shoot a sling bullet. The sling bullet hits the quokka.
You kill the quokka!
No target in view!
g - a scroll labelled GIEGOO HEVVA You see here a quokka corpse.
Found a stone staircase leading down.
You now have 30 gold pieces (gained 14).
You now have 41 gold pieces (gained 11).
There is a stone staircase leading down here.
There is a stone staircase leading down here.
You see here a quokka corpse.
An endoplasm comes into view.
You shoot a sling bullet. The sling bullet hits the endoplasm.
The endoplasm is almost dead.
You shoot a sling bullet.
The sling bullet completely misses the endoplasm.
You shoot a sling bullet. The sling bullet hits the endoplasm.
You kill the endoplasm!
No target in view!
No target in view!
You see here a +0 leather armour.
Found 6 stones.
h - a scroll labelled BICWEW HAWAREN An endoplasm comes into view.
You shoot a sling bullet. The sling bullet hits the endoplasm.
The endoplasm quivers.
The endoplasm is severely wounded.
You shoot a sling bullet. The sling bullet hits the endoplasm.
You kill the endoplasm!
No target in view!
No target in view!
A frilled lizard comes into view.
You see here 11 gold pieces.
You shoot a sling bullet.
The sling bullet hits the frilled lizard.
You kill the frilled lizard!
You hear a shout!
Your Stealth skill increases to level 1!
No target in view!
No target in view!
You now have 52 gold pieces (gained 11).
A kobold comes into view. It is wielding a +0 dagger.
You shoot a sling bullet.
The sling bullet barely misses the kobold.
You shoot a sling bullet.
The sling bullet closely misses the kobold.
You shoot a sling bullet.
The sling bullet barely misses the kobold.
You shoot a sling bullet. The sling bullet hits the kobold.
You kill the kobold!
No target in view!
i - a scroll labelled VEQENU ZUNOCO You see here a +0 dagger.
You now have 60 gold pieces (gained 8).
You now have 72 gold pieces (gained 12).
You now have 80 gold pieces (gained 8).
A kobold comes into view. It is wielding a +0 dagger.
The kobold shouts!
You shoot a sling bullet.
The sling bullet closely misses the kobold.
The kobold throws a stone.
The stone closely misses you.
You shoot a sling bullet. The sling bullet hits the kobold.
You kill the kobold!
No target in view!
No target in view!
You now have 95 gold pieces (gained 15).
You now have 98 gold pieces (gained 3).
A kobold and a rat come into view.
The kobold shouts!
You shoot a sling bullet. The sling bullet hits the kobold.
The kobold is heavily wounded.
You shoot a sling bullet.
The sling bullet closely misses the kobold.
The kobold throws a stone.
The stone misses you.
You shoot a sling bullet. The sling bullet hits the rat.
You kill the rat!
You shoot a sling bullet.
The sling bullet barely misses the kobold.
The kobold throws a stone.
The stone hits you but does no damage.
You shoot a sling bullet. The sling bullet hits the kobold.
The kobold is severely wounded.
You shoot a sling bullet. The sling bullet hits the kobold.
You kill the kobold!
No target in view!
A frilled lizard comes into view.
You shoot a sling bullet.
The sling bullet hits the frilled lizard!
You kill the frilled lizard!
No target in view!
No target in view!
A hobgoblin comes into view.
You shoot a sling bullet. The sling bullet hits the hobgoblin!
You kill the hobgoblin!
No target in view!
No target in view!
A frilled lizard comes into view.
You shoot a sling bullet.
The sling bullet hits the frilled lizard.
The frilled lizard hisses angrily.
The frilled lizard is heavily wounded.
You shoot a sling bullet.
The sling bullet hits the frilled lizard.
You kill the frilled lizard!
No target in view!
h - 2 scrolls labelled BICWEW HAWAREN (gained 1)
You see here a frilled lizard corpse.
b - 2 scrolls of poison (gained 1)
You enter the shallow water.
Moving in this stuff is going to be slow.
You see here a frilled lizard corpse.
A frilled lizard and a quokka come into view.
The frilled lizard hisses angrily.
A bat comes into view.
The bat moves out of view.
You shoot a sling bullet.
The sling bullet closely misses the frilled lizard.
You shoot a sling bullet.
The sling bullet closely misses the frilled lizard.
You hear an angry hiss.
A ball python comes into view.
You shoot a sling bullet.
The sling bullet hits the quokka but does no damage.
A kobold comes into view. It is wielding a +0 dagger.
A frilled lizard comes into view.
You shoot a sling bullet.
The sling bullet barely misses the frilled lizard.
The frilled lizard hisses angrily.
The kobold shouts!
The sling bullet hits the ball python!
You kill the ball python!
You shoot a sling bullet.
The sling bullet hits the frilled lizard!
You kill the frilled lizard!
The bat closely misses you.
You shoot a sling bullet.
The sling bullet completely misses the bat.
The sling bullet hits the quokka.
You kill the quokka!
The bat hits you.
You shoot a sling bullet. The sling bullet hits the bat!
You kill the bat!
You shoot a sling bullet.
The sling bullet hits the frilled lizard.
You kill the frilled lizard!
You shoot a sling bullet. The sling bullet misses the kobold.
The kobold hits you with a +0 dagger.
You shoot a sling bullet.
The sling bullet barely misses the kobold.
The kobold hits you with a +0 dagger. The kobold completely misses you.
You shoot a sling bullet.
The sling bullet hits the kobold but does no damage.
The kobold hits you with a +0 dagger.
You shoot a sling bullet. The sling bullet hits the kobold.
The kobold is heavily wounded.
The kobold closely misses you.
You shoot a sling bullet.
The sling bullet closely misses the kobold.
The kobold misses you.
You shoot a sling bullet.
The sling bullet barely misses the kobold.
The kobold hits you but does no damage. The kobold completely misses you.
You shoot a sling bullet. The sling bullet hits the kobold.
You kill the kobold!
No target in view!
No target in view!
Items here: ( ) ††.
You see here a quokka corpse.
Found a stone staircase leading down.
No target in view!
No target in view!
You now have 111 gold pieces (gained 13).
j - a +5 ring of evasion
j - a +5 ring of evasion (left hand)
k - a silvery potion
l - a viscous coppery potion
There is a stone staircase leading down here.
Done exploring.
Done exploring.
There is a stone staircase leading down here.
You climb downwards.
There is a stone staircase leading up here.
You shoot a sling bullet.
The sling bullet hits the giant cockroach.
You kill the giant cockroach!
The frilled lizard hisses angrily.
You have reached level 3!
Your experience leads to a dramatic increase in your attributes!
Increase (S)trength, (I)ntelligence, or (D)exterity?
You feel agile. x4
You shoot a sling bullet.
The sling bullet misses the frilled lizard.
You shoot a sling bullet.
The sling bullet barely misses the frilled lizard.
The frilled lizard bites you.
You shoot a sling bullet.
The sling bullet misses the frilled lizard.
The frilled lizard closely misses you. The frilled lizard misses you.
You shoot a sling bullet.
The sling bullet hits the frilled lizard.
You kill the frilled lizard!
No target in view!
Found a stone staircase leading down.
Found a stone staircase leading down.
An ufetubus comes into view.
The ufetubus shouts!
You shoot a sling bullet. The sling bullet misses the ufetubus.
You shoot a sling bullet. The sling bullet hits the ufetubus.
The ufetubus is lightly wounded.
You shoot a sling bullet. The sling bullet hits the ufetubus.
The ufetubus is almost dead.
The ufetubus misses you. x2; The ufetubus hits you.
The ufetubus barely misses you.
You shoot a sling bullet.
The sling bullet closely misses the ufetubus.
The ufetubus misses you. The ufetubus barely misses you. x2
The ufetubus hits you but does no damage.
You shoot a sling bullet. The sling bullet hits the ufetubus.
You kill the ufetubus!
A bat comes into view.
You shoot a sling bullet.
The sling bullet closely misses the bat.
You shoot a sling bullet.
The sling bullet closely misses the bat.
The bat hits you.
You shoot a sling bullet. The sling bullet hits the bat.
The bat is severely wounded.
The bat closely misses you. x2
You shoot a sling bullet. The sling bullet hits the bat!
You kill the bat!
No target in view!
No target in view!
HP restored.
You enter the shallow water.
Moving in this stuff is going to be slow.
m - a fizzy yellow potion An adder comes into view.
You shoot a sling bullet. The sling bullet hits the adder.
The adder hisses angrily.
The adder is heavily wounded.
You shoot a sling bullet. The sling bullet hits the adder.
The adder is almost dead.
You shoot a sling bullet. The sling bullet misses the adder.
You shoot a sling bullet. The sling bullet hits the adder.
You kill the adder!
No target in view!
No target in view!
Found 6 stones.
A goblin comes into view. It is wielding a +0 club.
You shoot a sling bullet. The sling bullet hits the goblin.
You kill the goblin!
No target in view!
No target in view!
You see here a +0 club.
You open the door.
There is an open door here.
n - a scroll labelled SUNKES DEATHO
Found 3 poisoned darts.
The ball python hisses angrily.
The endoplasm quivers.
You open the door.
Found a spear.
There is an open door here.
Annotate which branch? (. - D:2, ? - help, ! - show branch list) New annotation for D:2 (include '!' for warning): dig vault A giant cockroach comes into view.
You shoot a sling bullet.
The sling bullet barely misses the giant cockroach.
No target in view!
No target in view!
You shoot a sling bullet.
The sling bullet hits the giant cockroach.
You kill the giant cockroach!
No target in view!
No target in view!
Found a stone staircase leading up.
A hobgoblin comes into view.
You shoot a sling bullet. The sling bullet hits the hobgoblin!
You kill the hobgoblin!
No target in view!
No target in view!
o - a scroll labelled NETAGO XIETERCH A frilled lizard comes into view.
You shoot a sling bullet.
The sling bullet hits the frilled lizard!
You kill the frilled lizard!
No target in view!
No target in view!
Found a short sword.
Found a stone staircase leading down.
No target in view!
No target in view!
No target in view!
No target in view!
You see here a frilled lizard corpse.
p - a puce potion
There is a stone staircase leading down here.
There is a stone staircase leading up here.
You see here a +0 spear.
Found a stone staircase leading up.
An endoplasm comes into view.
Found 12 gold pieces.
You shoot a sling bullet. The sling bullet hits the endoplasm.
The endoplasm quivers.
The endoplasm is heavily wounded.
You shoot a sling bullet.
The sling bullet hits the endoplasm but does no damage.
The endoplasm is heavily wounded.
The endoplasm jiggles.
You shoot a sling bullet. The sling bullet hits the endoplasm.
You kill the endoplasm!
Your Ranged Weapons skill increases to level 3!
No target in view!
No target in view!
q - a wand of charming (6)
You now have 123 gold pieces (gained 12).
A kobold comes into view. It is wielding a +0 short sword.
You shoot a sling bullet.
The sling bullet completely misses the kobold.
The kobold shouts!
You shoot a sling bullet.
The sling bullet closely misses the kobold.
No target in view!
No target in view!
You shoot a sling bullet. The sling bullet hits the kobold.
The kobold is moderately wounded.
You shoot a sling bullet.
The sling bullet closely misses the kobold.
An adder comes into view.
You shoot a sling bullet.
The sling bullet closely misses the kobold.
The adder hisses angrily.
The kobold misses you.
You shoot a sling bullet. The sling bullet hits the kobold.
The kobold is severely wounded.
The kobold misses you. The kobold closely misses you.
You shoot a sling bullet. The sling bullet hits the kobold.
You kill the kobold!
You shoot a sling bullet. The sling bullet hits the adder.
The adder is lightly wounded.
The adder misses you. The adder barely misses you.
You shoot a sling bullet. The sling bullet hits the adder.
The adder is heavily wounded.
The adder closely misses you.
You shoot a sling bullet.
The sling bullet closely misses the adder.
The adder closely misses you. The adder barely misses you.
You shoot a sling bullet.
The sling bullet closely misses the adder.
The adder misses you. The adder barely misses you.
You shoot a sling bullet. The sling bullet misses the adder.
The adder misses you.
You shoot a sling bullet. The sling bullet hits the adder.
You kill the adder!
No target in view!
You now have 129 gold pieces (gained 6).
You enter the shallow water.
Moving in this stuff is going to be slow.
A kobold comes into view. It is wielding a +0 dagger.
You shoot a sling bullet. The sling bullet hits the kobold!
You kill the kobold!
No target in view!
No target in view!
r - a green potion
Found a faded altar of an unknown god.
A rat comes into view.
You shoot a sling bullet. The sling bullet hits the rat!
You kill the rat!
No target in view!
s - a scroll labelled REFUUC VOIGIE A hobgoblin comes into view.
You shoot a sling bullet. The sling bullet hits the hobgoblin.
The hobgoblin is moderately wounded.
You shoot a sling bullet. The sling bullet hits the hobgoblin!
You kill the hobgoblin!
No target in view!
A rat comes into view.
You shoot a sling bullet. The sling bullet hits the rat!
You kill the rat!
No target in view!
No target in view!
Done exploring.
Search for what [? for help]? d: Unknown command.
Unknown command.
There is a stone staircase leading down here.
You climb downwards.
Found an escape hatch in the floor.
Found a stone staircase leading up.
There is a stone staircase leading up here.
Natasha, Servant of Life and Death comes into view.
Found a scroll labelled SUNKES DEATHO.
You shoot a sling bullet. The sling bullet hits Natasha!
Natasha hisses angrily.
Natasha is heavily wounded.
You shoot a sling bullet. The sling bullet barely misses Natasha.
You shoot a sling bullet. The sling bullet hits Natasha.
Natasha is almost dead.
You shoot a sling bullet.
The sling bullet closely misses Natasha.
Natasha stares at you and mumbles some strange words.
You resist with some effort.
Natasha mumbles some strange words.
You shoot a sling bullet. The sling bullet hits Natasha.
You kill Natasha!
Natasha screams in fury as she dies!
You have reached level 4!
Natasha, Servant of Life and Death comes into view.
You shoot a sling bullet. The sling bullet hits Natasha.
Natasha is lightly wounded.
Natasha casts a spell at you.
You feel yourself slow down.
You shoot a sling bullet. The sling bullet hits Natasha.
Natasha is heavily wounded.
You shoot a sling bullet.
The sling bullet hits Natasha but does no damage.
Natasha is heavily wounded.
Natasha drinks a potion.
Natasha flickers and vanishes!
Deactivating autopickup; reactivate with Ctrl-A.
Something closely misses you. Something claws you. Something misses you.
Something claws you.
There is a stone staircase leading up here.
Fire: a) +1 sling
Press: ? - help, Q - select action, (/) - cycle Shift-Dir - straight line You shoot a sling bullet.
You hear some strange, mumbled words.
Something tries to affect you, but you resist.
Something claws you!
Fire: a) +1 sling
Press: ? - help, Q - select action, (/) - cycle Shift-Dir - straight line You shoot a sling bullet.
Something barely misses you. Something claws you.
Okay, then.
Unknown command.
Unknown command.
Fire: a) +1 sling
Press: ? - help, Q - select action, (/) - cycle Shift-Dir - straight line You shoot a sling bullet.
Something claws you.
* * * LOW HITPOINT WARNING * * *
Something claws you.
* * * LOW HITPOINT WARNING * * *
It was a potion of degeneration.
There was something very wrong with that liquid.
You feel weakened.
You feel dopey.
You feel clumsy. Something claws you.
You die...

Skill      XL: |  1  2  3 |
---------------+----------+-----
Ranged Weapons | 2 3 |  3.3
Dodging        | 2 |  2.5
Stealth        | 1 |  1.8
Fighting       | |  0.8
Spellcasting   | |  1.0
Hexes          | |  2.6

Action                     |  1- 3 |  4- 6 || total
---------------------------+-------+-------++-------
   Fire: Sling             |   122 |     6 ||   128
   Cast: Slow              |     3 |       ||     3
    Use: Potion            |       |     1 ||     1
 Armour: Robe              |    10 |       ||    10
  Dodge: Dodged            |    47 |     3 ||    50

Levels and vault maps discovered:
D:1:      lemuel_arrival_lava_pool, layout_rooms, chequers_serial_rivers_large_b
D:2:      layout_rooms, shapermc_ecumenical_altar_mp_urbaneastern,
          serial_bayou_pond_d, fountainhead, lightli_corner_chamber
D:3:      layout_basic, minmay_vboxes, uniq_crazy_yiuf_cottage, uniq_natasha,
          uniq_terence

Notes
Turn   | Place    | Note
-------+----------+-------------------------------------------
     0 | D:1      | scionoferis the Demigod Hexslinger began the quest for the
                  | Orb.
     0 | D:1      | Reached XP level 1. HP: 15/15 MP: 4/4
    30 | D:1      | Reached skill level 2 in Ranged Weapons
    45 | D:1      | Reached skill level 2 in Dodging
    47 | D:1      | Reached XP level 2. HP: 9/22 MP: 1/5
   290 | D:1      | Reached skill level 1 in Stealth
   694 | D:2      | Reached XP level 3. HP: 27/27 MP: 6/6
   955 | D:2      | Reached skill level 3 in Ranged Weapons
  1183 | D:3      | Noticed Natasha
  1188 | D:3      | Killed Natasha
  1189 | D:3      | Reached XP level 4. HP: 34/34 MP: 8/8
  1193 | D:3      | Noticed Natasha
  1205 | D:3      | Slain by Natasha

Vanquished Creatures
  Natasha (D:3)
  2 adders (D:2)
  An ufetubus (D:2)
  A dart slug (D:1)
  A ball python (D:1)
  3 endoplasms (D:1 D:2)
  3 giant cockroaches (D:1 D:2)
  3 hobgoblins (D:1 D:2)
  6 jackals (D:1)
  2 quokkas (D:1)
  2 bats (D:1 D:2)
  8 frilled lizards (D:1 D:2)
  2 goblins (D:1 D:2)
  6 kobolds (D:1 D:2)
  4 rats (D:1 D:2)
45 creatures vanquished.

Table legend: (Time is in decaauts)
 A = Elapsed time spent in this place.
 B = Non-inter-level travel time spent in this place.
 C = Inter-level travel time spent in this place.
 D = Time resting spent in this place.
 E = Time spent auto-exploring this place.
 F = Levels seen in this place.
 G = Mean time per level.
                   A        B        C        D        E       F      G
               +--------+--------+--------+--------+--------+-----+--------+
         Total |   1273 |   1231 |     42 |     68 |    917 |   3 |  424.3 |
       Dungeon |   1273 |   1231 |     42 |     68 |    917 |   3 |  424.3 |
               +--------+--------+--------+--------+--------+-----+--------+

Top non-repeatable levels by time:
     D:1: 739 daAuts
     D:2: 501 daAuts
     D:3: 32 daAuts

Table legend:
 A = Non-vault XP
 B = Vault XP
 C = Vault XP percentage of total XP
 D = Non-vault monster count
 E = Vault monster count
 F = Vault count percentage of total count
                 A         B        C        D         E       F
            +---------+---------+-------+---------+---------+-------
      Total |     104 |      36 |  25.7 |      44 |       1 |   2.2
            +---------+---------+-------+---------+---------+-------
        D:1 |      46 |       0 |   0.0 |      28 |       0 |   0.0
        D:2 |      58 |       0 |   0.0 |      16 |       0 |   0.0
        D:3 |       0 |      36 | 100.0 |       0 |       1 | 100.0
            +---------+---------+-------+---------+---------+-------
